 Dungeon Crawl Stone Soup version 0.24-a0-284-g9fb9971df1 (webtiles) character file.

Game seed: 2979653954709842426

27 Redear the Skirmisher (level 2, -6/24 HPs)
             Began as a Demonspawn Chaos Knight on May 6, 2019.
             Was a Plaything of Xom.
             Mangled by a gnoll
             ... wielding a +0 halberd
              (10 damage)
             ... on level 2 of the Dungeon.
             The game lasted 00:01:50 (629 turns).

Redear the Skirmisher (Demonspawn Chaos Knight)      Turns: 629, Time: 00:01:51

Health: -6/24      AC:  5    Str: 12    XL:     2   Next: 93%
Magic:  2/2        EV: 11    Int: 13    God:    Xom [..*...]
Gold:   53         SH:  0    Dex: 12    Spells: 1/1 levels left

rFire    . . .     SeeInvis .   a - +0 hand axe (chaos)
rCold    . . .     Gourm    .   (no shield)
rNeg     . . .     Faith    .   b - +2 leather armour
rPois    .         Spirit   .   (no helmet)
rElec    .         Reflect  .   (no cloak)
rCorr    .         Harm     .   (no gloves)
MR       .....                  (no boots)
Stlth    +.........             (no amulet)
HPRegen  0.08/turn              (no ring)
MPRegen  0.08/turn              (no ring)

@: no status effects
A: claws 1
a: Renounce Religion


You were on level 2 of the Dungeon.
You worshipped Xom.
You were a toy of Xom.
You were not hungry.

You visited 1 branch of the dungeon, and saw 2 of its levels.

You collected 53 gold pieces.

Inventory:

Hand Weapons
 a - a +0 hand axe of chaos (weapon)
Armour
 b - a +2 leather armour (worn)
Jewellery
 g - a +3 ring of dexterity {unknown}
Scrolls
 c - a scroll of remove curse {unknown}
 h - 2 scrolls of enchant weapon {unknown}
Potions
 d - a potion of cancellation {unknown}
 e - a potion of agility {unknown}
 f - a potion of lignification {unknown}
Comestibles
 z - 2 rations


   Skills:
 + Level 3.3 Fighting
 + Level 3.0 Axes
 + Level 2.2 Armour
 + Level 1.4 Dodging


You had one spell level left.
You didn't know any spells.
Your spell library was empty.

Dungeon Overview and Level Annotations

Branches:
Dungeon (2/15)

Altars:


Innate Abilities, Weirdness & Mutations

You have sharp fingernails.


Message History

You hit the gnoll but do no damage. The gnoll closely misses you. x2
The gnoll misses you.
You hit the gnoll. Waves of light ripple over your body.
The gnoll is heavily wounded.
The gnoll barely misses you. The gnoll hits you with a +0 whip.
You take 6 damage, and have 10/24 hp.
MASSIVE DAMAGE!!
You barely miss the gnoll.
The gnoll is heavily wounded.
A gnoll comes into view. It is wielding a +0 spear.
The gnoll hits you with a +0 whip!
* * * LOW HITPOINT WARNING * * *
You take 8 damage, and have 2/24 hp.
MASSIVE DAMAGE!!
Xom almost notices you.
The floor vibrates.
You see here a frilled lizard corpse.
There is a stone staircase leading up here.
The gnoll barely misses you.
The gnoll hits you from afar with a +0 halberd!
You die...
Xom giggles madly!

#......##
#######.%######
.......†.......
#######.†.####.
.............#
........#..#.#
........g..# #
........g..#.#
########@....#
###.(.# ...#
.### .. .


You could see 2 gnolls.

Vanquished Creatures
  An adder (D:2)
  A dart slug (D:1)
  2 bats
  5 hobgoblins
  3 frilled lizards
  3 kobolds (D:1)
  3 rats (D:1)
18 creatures vanquished.

Notes
Turn   | Place    | Note
-------+----------+-------------------------------------------
     0 | D:1      | Redear the Demonspawn Chaos Knight began the quest for the
                  | Orb.
     0 | D:1      | Reached XP level 1. HP: 18/18 MP: 1/1
    62 | D:1      | Reached skill level 1 in Dodging
    84 | D:1      | Reached skill level 2 in Armour
    87 | D:1      | Gained mutation: You have sharp fingernails. [demonic
                  | ancestry]
    87 | D:1      | Reached XP level 2. HP: 12/24 MP: 2/2
   583 | D:2      | Reached skill level 3 in Axes
   606 | D:2      | XOM: harmless Hex miscast
   611 | D:2      | HP: 2/24 [gnoll/+0 whip (8)]
   622 | D:2      | XOM: harmless Erth miscast
   629 | D:2      | Mangled by a gnoll

Levels and vault maps discovered:
D:1:      dpeg_arrival_erosion, layout_basic
D:2:      layout_basic, grunt_gozag_statues

Skill      XL: |  1  2 |
---------------+-------+-----
Dodging        | 1 |  1.4
Armour         | 2 |  2.2
Axes           | 3 |  3.0
Fighting       | |  3.3

Action                   || total
-------------------------++-------
Melee: Hand axe          ||    48
Armor: Leather armour    ||    14
Dodge: Dodged            ||    35

Table legend:
 A = Non-vault XP
 B = Vault XP
 C = Vault XP percentage of total XP
 D = Non-vault monster count
 E = Vault monster count
 F = Vault count percentage of total count
                 A         B        C        D         E       F
            +---------+---------+-------+---------+---------+-------
      Total |      39 |       0 |   0.0 |      18 |       0 |   0.0
            +---------+---------+-------+---------+---------+-------
        D:1 |      22 |       0 |   0.0 |      14 |       0 |   0.0
        D:2 |      17 |       0 |   0.0 |       4 |       0 |   0.0
            +---------+---------+-------+---------+---------+-------
